 Dungeon Crawl Stone Soup version 0.31-a0-618-g7ca08c1ff9 (webtiles) character file.

Game seed: 10954769173656928611

5940 zenocrate the Martial Artist (level 10, -2/66 HPs)
             Began as an Octopode Shapeshifter on Aug 22, 2023.
             Was an Initiate of Gozag.
             Slain by a wolf (11 damage)
             ... on level 9 of the Dungeon.
             The game lasted 00:11:14 (9083 turns).

zenocrate the Martial Artist (OpSh)                 Turns: 9083, Time: 00:11:15

Health: -2/66      AC:  1    Str: 18    XL:     10   Next: 83%
Magic:  20/20      EV: 21    Int: 15    God:    Gozag
Gold:   1045       SH:  0    Dex: 17    Spells: 11/11 levels left

rFire   . .          .
                       - Unarmed
rCold   . . .        (shield currently unavailable)
rNeg    . . .        (helmet restricted)
rPois   .            F - amulet of the acrobat
rElec   .            m - +5 ring of evasion
rCorr   .            h - +6 ring of intelligence
SInv    .            E - ring of magical power
Will    .....        (no ring)
Stlth   ++           (no ring)
HPRegen 0.31/turn    (no ring)
MPRegen 0.17/turn    (no ring)
                     (no ring)

%: acrobat
@: flux-form, gold aura, glowing
A: glow, contaminating, reduced hp, almost no armour, amphibious, 8 rings,
camouflage 1, gelatinous body 1, (nimble swimmer 1), tentacles, tentacle spike
1, strong 1
a: Begin Untransformation, Renounce Religion, Potion Petition, Call Merchant,
Bribe Branch


You were on level 9 of the Dungeon.
You worshipped Gozag.
Gozag was most pleased with you.
You were something dangerously unstable.
You visited 2 branches of the dungeon, and saw 10 of its levels.

You collected 1156 gold pieces.
You paid 111 gold pieces to Gozag.

Inventory:

Missiles
 o - 8 poisoned darts (quivered)
 A - a throwing net
Jewellery
 h - a +6 ring of intelligence (right tentacle)
 m - a +5 ring of evasion (left tentacle)
 E - a ring of magical power (on tentacle)
 F - an amulet of the acrobat (around mantle)
Talismans
 b - a beast talisman
 c - a flux talisman (active)
 s - a maw talisman
Wands
 a - a wand of mindburst (49)
 u - a wand of charming (6)
 C - a wand of roots (10)
Scrolls
 d - 2 scrolls of vulnerability {unknown}
 j - 2 scrolls of revelation {unknown}
 k - a scroll of teleportation
 p - 2 scrolls of enchant armour {unknown}
 v - a scroll of blinking {unknown}
 w - a scroll of immolation {unknown}
 x - a scroll of noise {unknown}
 y - a scroll of amnesia {unknown}
 B - 2 scrolls of torment {unknown}
 D - 2 scrolls of fog {unknown}
 H - a scroll of fear {unknown}
Potions
 e - 2 potions of mutation
 i - 3 potions of cancellation
 l - a potion of haste
 n - a potion of ambrosia
 q - a potion of enlightenment {unknown}
 r - a potion of berserk rage {unknown}
 t - a potion of attraction {unknown}
 z - 2 potions of might {unknown}
 G - a potion of brilliance {unknown}


   Skills:
 - Level 6.0 Fighting
 - Level 6.1 Dodging
 - Level 4.7 Stealth
 + Level 9.8 Unarmed Combat
 - Level 1.1 Spellcasting
 - Level 6.8 Evocations
 * Level 6.7 Shapeshifting


You had 11 spell levels left.
You didn't know any spells.
Your spell library contained the following spells:

 Spells                   Type           Power      Damage    Failure   Level
 Kiss of Death            Conj/Necr      0%         2d5       24%         1
 Sting                    Tmut/Pois      0%         1d3       24%         1
 Confusing Touch          Hex            0%         N/A       58%         3
 Dispel Undead            Necr           0%         3d6       94%         4


Dungeon Overview and Level Annotations

Branches:
Dungeon (9/15)             Temple (1/1) D:6             Orc (0/2) D:9
   Lair: D:8-11

Altars:
Ashenzari
Cheibriados
Dithmenos
Elyvilon
Fedhas
Gozag
Hepliaklqana
Makhleb
Nemelex Xobeh
Okawaru
Qazlal
Ru
Sif Muna
Trog
Uskayaw
Vehumet
Wu Jian
Xom
Yredelemnul
Zin
The Shining One

Shops:
D:3 !

Annotations:
D:3 digging


Innate Abilities, Weirdness & Mutations

You are something dangerously unstable.
You glow with magical radiation, making you easy to see and hit.
Foes you strike become dangerously contaminated with magical radiation.
Your maximum health is decreased, since you lack skill for your form.
You are incapable of wielding weapons or throwing items.
You cannot wear most types of armour.
You are amphibious.
You can wear up to eight rings at the same time.
Your skin changes colour to match your surroundings (Stealth+).
Your rubbery body absorbs attacks. (AC +1, EV +1)
((You are camouflaged when in or above water. (Stealth+)))
You have tentacles for arms and can constrict up to eight enemies at once.
One of your tentacles bears a spike.
Your muscles are strong. (Str +4, Int/Dex -1)


Message History

* * * LOW HITPOINT WARNING * * *
The white imp freezes you.
* * * LOW HITPOINT WARNING * * *
Unknown command.
Unknown command.
Unknown command.
You tentacle-slap the white imp.
The white imp begins to glow.
You grab the white imp.
The white imp is moderately wounded.
You constrict the white imp.
Unknown command.
You tentacle-slap the white imp but do no damage.
The white imp glows dangerously bright.
You pierce the white imp.
The white imp is heavily wounded.
You constrict the white imp. The white imp misses you.
Unknown command.
You bludgeon the ice beast!
The ice beast begins to glow.
The ice beast is moderately wounded.
You constrict the white imp. The ice beast closely misses you.
The white imp gestures at you. The puff of frost hits you!
* * * LOW HITPOINT WARNING * * *
Unknown command.
Unknown command.
Unknown command.
You feel better.
You constrict the white imp.
You kill the white imp!
The ice beast completely misses you. The wolf bites you.
* * * LOW HITPOINT WARNING * * *
Unknown command.
Unknown command.
Unknown command.
Aiming: Mindburst
Press: ? - help, Shift-Dir - straight line, f - ice beast
Aim: an ice beast (moderately wounded, contaminated, chance to affect: 85%)
The ice beast's mind is blasted!!
You blow up the ice beast!
The wolf bites you!
You die...
Your body crumbles into a pile of gold.

###+###
#.....+
##.....#
#......#
#...$..#
#....B.#
....$..h.#
...........
....#.#$...#
... .....#.#
.. .#.#..#$#
. ... ...# .
.. . ...# ..


You could see a wolf.

Vanquished Creatures
  Psyche (D:8)
  Sigmund (D:2)
  A shadow (D:8)
  3 wyverns
  A wraith (D:8)
  Eustachio (D:5)
  6 yaks
  An unseen horror simulacrum (D:9)
  2 steam dragons (D:8)
  An acid dragon (D:8)
  A water moccasin (D:6)
  7 orc warriors
  A black bear (D:5)
  An ice beast (D:9)
  3 ogres
  A wolf (D:8)
  A centaur (D:5)
  A kobold brigand (D:8)
  2 bullfrogs (D:7)
  2 scorpions
  3 wights (D:6)
  11 killer bees
  5 hounds
  7 orc priests
  Crazy Yiuf (D:4)
  A gnoll bouda (D:7)
  4 sleepcaps
  Ijyb (D:3)
  8 orc wizards
  A mummy (D:5)
  10 adders
  9 gnolls
  4 white imps
  An ufetubus (D:7)
  A worm (D:2)
  3 dart slugs
  33 orcs
  4 ball pythons
  8 endoplasms
  4 giant cockroaches
  4 goblins
  6 hobgoblins
  7 jackals
  7 kobolds
  5 quokkas
  5 bats
  2 frilled lizards
  6 rats
199 creatures vanquished.

Vanquished Creatures (others)
  2 orc wizards (D:5)
2 creatures vanquished.

Grand Total: 201 creatures vanquished

Notes
Turn   | Place    | Note
-------+----------+-------------------------------------------
     0 | D:1      | zenocrate the Octopode Shapeshifter began the quest for the
                  | Orb.
     0 | D:1      | Reached XP level 1. HP: 13/13 MP: 1/1
    84 | D:1      | Reached XP level 2. HP: 1/18 MP: 2/2
   450 | D:1      | Reached XP level 3. HP: 21/23 MP: 3/3
   523 | D:2      | Found a faded altar of an unknown god.
   531 | D:2      | Got Plato's Verses on the Queen Bee
   802 | D:2      | Noticed Sigmund
   811 | D:2      | Killed Sigmund
   812 | D:2      | Reached skill level 4 in Unarmed Combat
   812 | D:2      | Reached XP level 4. HP: 12/31 MP: 4/4
   812 | D:2      | Reached XP level 5. HP: 14/36 MP: 5/5
  1371 | D:3      | Reached XP level 6. HP: 42/42 MP: 6/6
  1608 | D:3      | Found Voihouria's Distillery.
  1619 | D:3      | Noticed Ijyb
  1631 | D:3      | Killed Ijyb
  2186 | D:4      | Reached skill level 5 in Unarmed Combat
  2186 | D:4      | Reached skill level 1 in Evocations
  2297 | D:4      | Reached XP level 7. HP: 47/47 MP: 7/7
  2439 | D:4      | Found a shadowy altar of Dithmenos.
  2440 | D:4      | Found a blossoming altar of Fedhas.
  2440 | D:4      | Found an iron altar of Okawaru.
  2440 | D:4      | Found a shimmering altar of Xom.
  2743 | D:4      | Found a runed translucent door.
  2744 | D:4      | Noticed Crazy Yiuf
  2888 | D:4      | Killed Crazy Yiuf
  2969 | D:5      | Entered Level 5 of the Dungeon
  3572 | D:5      | Found a snail-covered altar of Cheibriados.
  3749 | D:5      | Noticed Eustachio
  3767 | D:5      | Killed Eustachio
  3768 | D:5      | Reached skill level 6 in Unarmed Combat
  3768 | D:5      | Reached XP level 8. HP: 28/54 MP: 8/8
  3969 | D:5      | Reached skill level 5 in Dodging
  4435 | D:6      | Found a staircase to the Ecumenical Temple.
  4691 | D:6      | Found a stormy altar of Qazlal.
  4699 | D:6      | Reached skill level 5 in Evocations
  5001 | Temple   | Entered the Ecumenical Temple
  5028 | Temple   | Became a worshipper of Gozag Ym Sagoz the Greedy
  5138 | D:6      | Reached skill level 7 in Unarmed Combat
  5148 | D:6      | Reached XP level 9. HP: 56/58 MP: 9/9
  5859 | D:7      | Found a radiant altar of Vehumet.
  5956 | D:7      | Reached skill level 8 in Unarmed Combat
  5975 | D:7      | Reached skill level 5 in Fighting
  6458 | D:7      | Identified the +2 sling of Symmetry {antimagic, rN+ Will-
                  | Int+3 SInv}
  6480 | D:7      | Found a shimmering blue altar of Sif Muna.
  6761 | D:7      | Gained mutation: Your muscles are strong. (Str +4, Int/Dex
                  | -1) [potion of mutation]
  6761 | D:7      | Gained mutation: One of your tentacles bears a spike.
                  | [potion of mutation]
  6879 | D:8      | Reached XP level 10. HP: 16/68 MP: 10/10
  7162 | D:8      | Noticed Psyche
  7165 | D:8      | Killed Psyche
  7166 | D:8      | Reached skill level 5 in Shapeshifting
  7184 | D:8      | Reached skill level 1 in Stealth
  7391 | D:8      | Reached skill level 9 in Unarmed Combat
  8368 | D:9      | Found a staircase to the Orcish Mines.
  8699 | D:7      | Reached skill level 1 in Spellcasting
  9083 | D:9      | Slain by a wolf

Illustrated notes

Levels and vault maps discovered:
D:1:      noname_arrival_rooms_in_the_neighbourhood, layout_rooms
D:2:      layout_loops_ring, shapermc_ecumenical_altar_rom_forum, uniq_sigmund
D:3:      layout_loops_ring, serial_shops, nicolae_shop_real_fake_doors,
          due_unseen_surprise, uniq_ijyb
D:4:      layout_basic, minitemple, uniq_crazy_yiuf_cottage
D:5:      layout_basic, slow_altar_1, grunt_ministairs_14,
          roderic_cross_of_infinity, uniq_eustachio
D:6:      layout_loops_ring, nicolae_qazlal_eye_of_the_storm,
          minmay_temple_entry_mist, minmay_misc_feat_x
D:7:      layout_loops_ring, mainiacjoe_overflow_alcove_4, tgw_sif
D:8:      kennysheep_steamy, layout_basic, uniq_psyche
D:9:      layout_stronghold, lair_entry_dummy, david_orc_4, serial_ice,
          serial_ice_o, serial_ice_d, serial_ice_g, serial_ice_a, serial_ice_j,
          serial_ice_b, uniq_amaemon
Temple:   nicolae_temple_figure_eight

Skill      XL: |  1  2  3  4  5  6  7  8  9 10 |
---------------+-------------------------------+-----
Fighting       | 3 4 5 6 |  6.0
Dodging        | 3 4 6 |  6.1
Unarmed Combat | 4 5 6 7 8 9 |  9.8
Evocations     | 1 3 5 6 |  6.8
Shapeshifting  | 4 6 |  6.7
Stealth        | 4 |  4.7
Spellcasting   | 1 |  1.1

Action                     |  1- 3 |  4- 6 |  7- 9 | 10-12 || total
---------------------------+-------+-------+-------+-------++-------
  Melee: Unarmed           |    64 |    89 |   282 |   131 ||   566
         Constrict         |    14 |    22 |    67 |    20 ||   123
         Tentacles         |     8 |     8 |    71 |    29 ||   116
         Punch             |     2 |     2 |    14 |     5 ||    23
         Kick              |       |       |     9 |    47 ||    56
  Throw: Dart              |       |       |     2 |       ||     2
  Evoke: Wand              |       |       |     2 |     7 ||     9
    Use: Potion            |       |       |     5 |     4 ||     9
         Scroll            |       |       |     5 |     1 ||     6
   Stab: Sleeping          |     4 |     7 |     9 |     3 ||    23
         Distracted        |       |       |     1 |       ||     1
 Armour: Skin              |    10 |     4 |    11 |     1 ||    26
  Dodge: Dodged            |    37 |    68 |   243 |   178 ||   526
   Form: Flux              |       |       |       |     1 ||     1

Table legend: (Time is in decaauts)
 A = Elapsed time spent in this place.
 B = Non-inter-level travel time spent in this place.
 C = Inter-level travel time spent in this place.
 D = Time resting spent in this place.
 E = Time spent auto-exploring this place.
 F = Levels seen in this place.
 G = Mean time per level.
                   A        B        C        D        E       F      G
               +--------+--------+--------+--------+--------+-----+--------+
         Total |   9007 |   8693 |    314 |    139 |   7185 |  10 |  900.7 |
       Dungeon |   8954 |   8690 |    264 |    139 |   7185 |   9 |  994.9 |
        Temple |     52 |      2 |     50 |      0 |      0 |   1 |   52.0 |
               +--------+--------+--------+--------+--------+-----+--------+

Top non-repeatable levels by time:
     D:8: 1946 daAuts
     D:4: 1421 daAuts
     D:7: 1336 daAuts
     D:6: 1122 daAuts
     D:5: 952 daAuts
     D:2: 862 daAuts
     D:3: 611 daAuts
     D:1: 497 daAuts
     D:9: 203 daAuts
  Temple: 52 daAuts
